 Dungeon Crawl Stone Soup version 0.21-a0-460-g737a915 (webtiles) character file.

48 slep the Skirmisher (level 3, -10/29 HPs)
             Began as a Demonspawn Monk on Nov 20, 2017.
             Mangled by Robin
             ... wielding a +1 dagger of electrocution
              (14 damage)
             ... on level 2 of the Dungeon.
             The game lasted 00:04:15 (1234 turns).

slep the Skirmisher (Demonspawn Monk)               Turns: 1234, Time: 00:04:16

Health: -10/29     AC:  6    Str: 11    XL:     3   Next: 50%
Magic:  3/3        EV: 10    Int: 11    God:
Gold:   77         SH:  0    Dex: 16    Spells: 2/2 levels left

rFire    . . .     SeeInvis .   a - +0 falchion
rCold    + . .     Gourm    .   (no shield)
rNeg     . . .     Faith    .   k - +0 scale mail
rPois    .         Spirit   .   (no helmet)
rElec    .         Reflect  .   (no cloak)
rCorr    .         Harm     .   (no gloves)
MR       .....                  (no boots)
Stlth    +.........             (no amulet)
HPRegen  0.09/turn              (no ring)
MPRegen  0.08/turn              (no ring)

@: no status effects
A: cold resistance 1
a: no special abilities


You were on level 2 of the Dungeon.
You were not hungry.

You visited 1 branch of the dungeon, and saw 2 of its levels.

You collected 77 gold pieces.

Inventory:

Hand Weapons
 a - a +0 falchion (weapon)
Armour
 b - a +0 robe
 k - a +0 scale mail (worn)
Scrolls
 e - 2 scrolls of teleportation {unknown}
 h - a scroll of immolation {unknown}
 i - 5 scrolls of remove curse {unknown}
 j - a scroll of amnesia {unknown}
Potions
 f - 2 potions of curing {unknown}
 g - 2 potions of berserk rage {unknown}
Comestibles
 c - 2 bread rations
 d - 2 royal jellies
 l - a chunk of flesh


   Skills:
 + Level 3.4 Fighting
 + Level 3.3 Long Blades
 + Level 0.1 Armour
 + Level 3.1 Dodging
 + Level 2.0 Stealth


You had 2 spell levels left.
You didn't know any spells.

Dungeon Overview and Level Annotations

Branches:
Dungeon (2/15)

Altars:

Annotations:
D:2 Robin


Innate Abilities, Weirdness & Mutations

Your flesh is cold resistant. (rC+)


Message History

You kill the goblin!
The giant cockroach bites you but does no damage.
The giant cockroach barely misses you.
You slash the giant cockroach!
You kill the giant cockroach!
Robin throws the goblin at you!
* * * LOW HITPOINT WARNING * * *
The goblin barely misses you.
Things that are here:
a dagger; a goblin corpse You barely miss the goblin.
The hobgoblin misses you.
You riposte.
You hit the hobgoblin.
You kill the hobgoblin!
The goblin hits you but does no damage.
You closely miss the goblin. The goblin hits you.
* * * LOW HITPOINT WARNING * * *
You hit the goblin.
You kill the goblin!
Robin hits you but does no damage.
You are electrocuted!
You die...

#..# ########g#####
.###.......g....#
#...............#
#........(.s....#
#######.......†...†g..#
......#.....#######'###
......#############.##
......#######..†@g)..#
................####.#
................# .#
................# .#
####......#####.# .#
#....### ### .# #....#
.. #....# #....#


You could see Robin.

Vanquished Creatures
  A worm (D:2)
  2 dart slugs (D:1)
  A ball python (D:2)
  2 bats (D:1)
  3 giant cockroaches
  6 hobgoblins
  2 jackals (D:1)
  A quokka (D:2)
  6 frilled lizards
  7 goblins
  5 kobolds
  3 rats
39 creatures vanquished.

Notes
Turn   | Place    | Note
-------+----------+-------------------------------------------
     0 | D:1      | slep the Demonspawn Monk began the quest for the Orb.
     0 | D:1      | Reached XP level 1. HP: 18/18 MP: 1/1
   111 | D:1      | Gained mutation: Your flesh is cold resistant. (rC+) [demonic ancestry]
   111 | D:1      | Reached XP level 2. HP: 22/24 MP: 2/2
  1121 | D:2      | Reached XP level 3. HP: 24/29 MP: 3/3
  1197 | D:2      | Noticed Robin
  1234 | D:2      | Mangled by Robin

Vault maps used:
D:1:      lemuel_arrival_broad_hall
D:2:      tso_altar, minmay_misc_feat_alley, serial_bayou_lagoon_a, uniq_robin

Skill      XL: |  1  2  3 |
---------------+----------+-----
Long Blades    | 3 |  3.3
Dodging        | 3 |  3.1
Stealth        | 2 |  2.0
Fighting       | |  3.4
Armour         | |  0.1

Action                   || total
-------------------------++-------
Melee: Falchion          ||   123
 Stab: Sleeping          ||     4
  Eat: Chunk             ||     1
Armor: Robe              ||    11
       Scale mail        ||    20
Dodge: Dodged            ||    84
       Rpst.: Falchion   ||    30

Table legend:
 A = Spawn XP
 B = Non-spawn XP
 C = Spawn XP percentage of total XP
 D = Spawn monster count
 E = Non-spawn monster count
 F = Spawn count percentage of total count
 G = Total turns spent on level
                    A         B        C        D         E        F      G
               +---------+---------+-------+---------+---------+-------+---------
         Total |       0 |      69 |   0.0 |       0 |      39 |   0.0 |  1234
               +---------+---------+-------+---------+---------+-------+---------
           D:1 |       0 |      38 |   0.0 |       0 |      23 |   0.0 |  1091
           D:2 |       0 |      31 |   0.0 |       0 |      16 |   0.0 |   143
               +---------+---------+-------+---------+---------+-------+---------
